Map: Acid Plant LE

Players

Scarlett

  • Race: Zerg Zerg
  • Spawn Location: 11:00

Nerchio - Winner!

  • Race: Zerg Zerg
  • Spawn Location: 5:00

Event: WCS Austin 2018

VOD

Have the link to the VOD?

Description

Time

  • Played on: June 2, 2018, 4:05 p.m.
  • Length: 4:07

All games in this series

Show
View Real Time Build Order
Export as new Build Order

Scarlett Zerg 

Build Orders: Hatch First 

Get SALT Encoding   

  12  0:00  Drone  
  13  0:12  Overlord  
  13  0:16  Drone  
  14  0:30  Drone x2  
  16  0:47  Hatchery  
  15  0:51  Drone  
  15  0:54  Drone  
  17  0:57  Drone  
  18  1:10  Extractor  
  17  1:13  Spawning Pool  
  17  1:16  Drone  
  17  1:20  Drone  
  18  1:27  Drone  
  19  1:38  Drone  
  20  1:49  Drone  
  21  1:59  Queen x2  
  21  2:00  Overlord  
  25  2:02  Drone  
  26  2:10  Drone, Metabolic Boost  
  26  2:12  Drone  
  28  2:21  Drone x2  
  30  2:31  Drone  
  30  2:32  Drone  
  32  2:40  Hatchery  
  32  2:43  Queen  
  33  2:48  Overlord  
  33  2:52  Drone  
  33  2:53  Drone  
  33  2:55  Drone  
  36  3:06  Overlord  
  36  3:07  Drone x2  
  36  3:08  Zergling x4  
  40  3:15  Zergling x2  
  40  3:17  Roach Warren  
  40  3:19  Zergling x2  
  41  3:26  Zergling x2  
  42  3:29  Zergling x2  
  43  3:37  Zergling x2  
  43  3:38  Zergling x8  
  51  3:48  Zergling x2  
Show
View Real Time Build Order
Export as new Build Order

Nerchio Zerg - Winner!

Build Orders: Hatch First 

Get SALT Encoding   

  12  0:00  Drone  
  13  0:12  Overlord  
  13  0:17  Drone  
  14  0:30  Drone x2  
  14  0:34  Drone  
  17  0:51  Hatchery  
  17  0:54  Drone  
  17  0:57  Drone  
  18  1:08  Extractor  
  17  1:12  Spawning Pool  
  17  1:14  Drone  
  18  1:18  Drone  
  18  1:28  Drone  
  19  1:38  Drone  
  20  1:48  Hatchery  
  20  1:50  Drone  
  20  2:03  Queen  
  20  2:07  Metabolic Boost  
  22  2:10  Drone  
  22  2:13  Drone  
  24  2:16  Drone  
  24  2:22  Overlord  
  25  2:29  Queen  
  27  2:34  Drone  
  28  2:39  Baneling Nest  
  28  2:40  Drone  
  28  2:43  Zergling x2  
  29  2:45  Zergling x2  
  29  2:50  Drone  
  31  2:52  Zergling x2  
  31  2:54  Zergling x2  
  31  2:56  Zergling x2  
  34  3:00  Zergling x2  
  35  3:05  Zergling x2  
  35  3:08  Zergling x2  
  35  3:10  Zergling x4  
  35  3:11  Zergling x4  
  41  3:17  Zergling x2  
  42  3:20  Overlord  
  42  3:23  Baneling  
  42  3:24  Baneling x3  
  42  3:29  Overlord  
  42  3:34  Overlord  
  42  3:36  Baneling  
  42  3:48  Baneling  
  41  3:49  Zergling x12  
Tags
 
Add a new tag
Caveats
  • Supply blocks, unpowered buildings, or Contaminate may cause inaccurate times.
  • Supply counts are checked every 10 seconds.